 Dungeon Crawl Stone Soup version 0.26-a0-858-gbf766624f9 (webtiles) character file.

Game seed: 17572623862442224583

6764 snetch the Thaumaturge (level 10, -4/54 HPs)
             Began as a Deep Elf Conjurer on Nov 20, 2020.
             Was a Believer of Vehumet.
             Killed from afar by a molten gargoyle (14 damage)
             ... with a bolt of magma
             ... on level 13 of the Dungeon on Nov 24, 2020.
             The game lasted 01:01:45 (11320 turns).

snetch the Thaumaturge (Deep Elf Conjurer)         Turns: 11320, Time: 01:01:46

Health: -4/54      AC: 16    Str:  4    XL:     10   Next: 75%
Magic:  22/28      EV: 13    Int: 27    God:    Vehumet [**....]
Gold:   649        SH:  5    Dex: 13    Spells: 20/33 levels left

rFire    . . .     SeeInvis +   a - +4 dagger (freeze)
rCold    . . .     Faith    .   (no shield)
rNeg     . . .     Spirit   .   W - +3 leather armour
rPois    .         Reflect  +   C - +0 helmet
rElec    .         Harm     .   O - +1 cloak
rCorr    +         Rampage  .   m - +2 pair of gloves
MR       +....                  k - +2 pair of boots
Stlth    +++.......             v - amulet of reflection
HPRegen  0.18/turn              w - ring of see invisible
MPRegen  0.21/turn              N - ring of resist corrosion

@: no status effects
A: no striking features
a: Renounce Religion


You were on level 13 of the Dungeon.
You worshipped Vehumet.
Vehumet was pleased with you.
You visited 2 branches of the dungeon, and saw 14 of its levels.
You also visited: Ossuary.

You collected 753 gold pieces.
You spent 104 gold pieces at shops.

Inventory:

Hand Weapons
 a - a +4 dagger of freezing (weapon)
 b - a +1 quarterstaff
 c - a +2 shortbow of freezing
 d - a +2 hand axe of flaming
Missiles
 e - 314 stones
 f - 8 datura-tipped darts
 o - 123 bolts
 u - 26 poisoned darts (quivered)
 z - 246 arrows
 D - 2 boomerangs
 K - 5 javelins
 R - 20 sling bullets
 U - a throwing net
 X - 2 silver javelins
Armour
 k - a +2 pair of boots (worn)
 m - a +2 pair of gloves (worn)
 C - a +0 helmet (worn)
 O - a +1 cloak (worn)
 W - a +3 leather armour (worn)
Jewellery
 v - an amulet of reflection (around neck)
 w - a ring of see invisible (left hand)
 y - an uncursed ring of protection from fire
 N - a ring of resist corrosion (right hand)
Wands
 p - a wand of acid (9)
 r - a wand of random effects (47)
 H - a wand of disintegration (14)
 M - a wand of enslavement (7)
 Y - a wand of iceblast (8)
 Z - a wand of paralysis (3)
Scrolls
 g - 2 scrolls of fear
 h - a scroll of amnesia
 i - 5 scrolls of teleportation
 A - 5 scrolls of enchant weapon
 L - a scroll of vulnerability
 P - a scroll of summoning {unknown}
 Q - a scroll of noise {unknown}
 S - a scroll of holy word {unknown}
 T - a scroll of enchant armour {unknown}
Potions
 j - 9 potions of curing
 l - 5 potions of haste {unknown}
 n - 2 potions of lignification
 q - 6 potions of heal wounds
 s - a potion of invisibility
 t - 4 potions of resistance
 x - 6 potions of mutation
 B - 2 potions of cancellation
 E - 2 potions of berserk rage
 F - a potion of magic
 G - 4 potions of might {unknown}
 I - a potion of brilliance
 J - 2 potions of attraction {unknown}


   Skills:
 + Level 2.7 Fighting
 + Level 1.8 Short Blades
 + Level 3.5 Staves
 + Level 5.3 Armour
 + Level 5.1 Dodging
 + Level 6.8 Stealth
 + Level 2.0 Shields
 + Level 12.2 Spellcasting
 - Level 7.5 Conjurations
 + Level 7.3 Hexes


You had 20 spell levels left.
You knew the following spells:

 Your Spells              Type           Power        Failure   Level
a - Magic Dart            Conj           ####         1%          1
b - Searing Ray           Conj           ######       1%          2
c - Dazzling Flash        Conj/Hex       ######       1%          3
d - Fulminant Prism       Conj/Hex       ######....   2%          4
e - Inner Flame           Hex/Fire       #####...     3%          3

Your spell library contained the following spells:

 Spells                   Type           Power        Failure   Level
 Shock                    Conj/Air       ####         1%          1
 Static Discharge         Conj/Air       #####...     3%          3
 Summon Guardian Golem    Hex/Summ       #####...     3%          3
 Summon Small Mammal      Summ           ###.         6%          1
 Call Imp                 Summ           ###.....     9%          2
 Passwall                 Tmut/Erth      ###.....     9%          2
 Swiftness                Air            ###.....     9%          2
 Iskenderun's Mystic Bla  Conj/Tloc      #####...     12%         4
 Call Canine Familiar     Summ           ###.....     17%         3
 Lightning Bolt           Conj/Air       #####.....   32%         5
 Invisibility             Hex            ######..     38%         6
 Airstrike                Air            ###.......   50%         4
 Passage of Golubria      Tloc           N/A          50%         4
 Summon Ice Beast         Ice/Summ       ###.....     50%         4
 Summon Lightning Spire   Summ/Air       ###.....     50%         4
 Lee's Rapid Deconstruct  Erth           ###.......   85%         5


Dungeon Overview and Level Annotations

Branches:
Dungeon (13/15)            Temple (1/1) D:6            Lair (0/6) D:9
    Orc (0/2) D:9         Ossuary (visited)
 Vaults: D:13-14

Altars:
Ashenzari
Cheibriados
Dithmenos
Elyvilon
Fedhas
Gozag
Hepliaklqana
Kikubaaqudgha
Makhleb
Nemelex Xobeh
Okawaru
Qazlal
Ru
Sif Muna
Trog
Uskayaw
Vehumet
Wu Jian
Xom
Yredelemnul
Zin
The Shining One

Shops:
D:6 !

Annotations:
D:3 gold behind grate and stone
D:4 dancing weapons behind glass
D:5 3 runed translucent doors, Demosthentine's ghost, novice FoFi
D:9 a bunch of death yaks


Message History

Press: ? - help, Dir - move target cursor You conjure a prism of explosive energy!
A fulminant prism comes into view.
Your fulminant prism crackles loudly.
The molten gargoyle blasts magma at you!
The bolt of magma misses you.
Your fulminant prism explodes!
The blast of energy engulfs the molten gargoyle!
The molten gargoyle is heavily damaged.
Casting: Fulminant Prism (dangerous; 2% risk of failure)
Confirm with . or Enter, or press ? or * to list all spells.
Aiming: Searing Ray (safe; 1% risk of failure)
Press: ? - help, Shift-Dir - straight line, f - molten gargoyle
Aim: a molten gargoyle, wielding a +0 flail (heavily damaged)
The searing ray hits the molten gargoyle!
The molten gargoyle is severely damaged. (Press . to maintain the ray.)
The molten gargoyle blasts magma at you!
The bolt of magma hits you!
You die...

#.........#..#######
#####.....#..###...# .
#.....#..#.....# .#.#
#.....#..#.....###...≈9
#.....#..#........#
#.....#..#.....9.#.≈≈≈≈
#.....'..#^....#..# ≈≈8
#.....#..##....#.#..≈ 8
#....##..##@...#..#.≈≈
#....#.........#.#..≈≈≈
#....#.........#..# ..≈
#....###########.# #.
######


You could see a molten gargoyle.

Vanquished Creatures
  A two-headed ogre (D:8)
  2 trolls (D:13)
  A hornet (D:10)
  Grinder (D:4)
  Prince Ribbit (D:7)
  Sigmund (D:2)
  A warg (D:9)
  2 ice beasts
  An orc warrior (D:9)
  A black bear (D:6)
  4 sky beasts
  4 phantoms
  3 ogres
  7 centaurs
  2 bullfrogs
  A wyvern zombie (D:8)
  4 scorpions
  5 killer bees (D:7)
  8 wights
  3 centaur zombies
  2 hounds (D:8)
  4 jellies
  3 orc priests
  9 orc wizards
  2 bullfrog skeletons
  A centaur skeleton (D:9)
  Jessica (D:2)
  4 iguanas
  Ijyb (D:3)
  Natasha (thrice) (D:3)
  2 hell rats (D:9)
  6 worker ants
  A killer bee zombie (D:8)
  A hound zombie (D:5)
  2 hound skeletons
  8 mummies (Ossuary)
  A worker ant zombie (D:7)
  A howler monkey zombie (D:10)
  Robin (D:3)
  14 adders
  8 gnolls
  2 ufetubi
  3 oozes
  3 adder skeletons
  An adder zombie (D:9)
  A worm (D:5)
  3 dart slugs
  5 leopard geckos
  25 orcs
  2 ball pythons
  5 giant cockroaches
  11 goblins
  9 hobgoblins
  9 jackals
  11 kobolds
  7 quokkas
  4 bats
  13 frilled lizards
  4 hobgoblin zombies (Ossuary)
  A jackal skeleton (D:4)
  A jackal zombie (D:6)
  4 kobold zombies (Ossuary)
  A leopard gecko skeleton (D:4)
  8 rats
261 creatures vanquished.

Vanquished Creatures (others)
  14 fulminant prisms
  17 plants
31 creatures vanquished.

Grand Total: 292 creatures vanquished

Notes
Turn   | Place    | Note
-------+----------+-------------------------------------------
     0 | D:1      | snetch the Deep Elf Conjurer began the quest for the Orb.
     0 | D:1      | Reached XP level 1. HP: 10/10 MP: 6/6
   278 | D:1      | Reached XP level 2. HP: 15/15 MP: 4/8
   281 | D:1      | Learned a level 2 spell: Searing Ray
   388 | D:2      | Noticed Jessica
   395 | D:2      | Reached skill level 5 in Conjurations
   395 | D:2      | Killed Jessica
   396 | D:2      | Reached XP level 3. HP: 4/19 MP: 2/9
   402 | D:2      | Learned a level 3 spell: Dazzling Flash
  1089 | D:1      | Reached XP level 4. HP: 24/24 MP: 6/11
  1533 | D:3      | Found a broken altar of Ashenzari.
  1613 | D:3      | Reached XP level 5. HP: 28/28 MP: 9/12
  1821 | D:2      | Found a glowing golden altar of the Shining One.
  2064 | D:2      | Reached skill level 4 in Spellcasting
  2071 | D:2      | Learned a level 4 spell: Fulminant Prism
  2072 | D:2      | Noticed Sigmund
  2082 | D:2      | Killed Sigmund
  2083 | D:2      | Reached skill level 1 in Hexes
  2083 | D:2      | Reached XP level 6. HP: 32/32 MP: 8/14
  2149 | D:3      | Noticed Natasha
  2151 | D:3      | Killed Natasha
  2299 | D:2      | Found a faded altar of an unknown god.
  2571 | D:2      | Upgraded the game from 0.26-a0-850-g97a50ab700 to
                  | 0.26-a0-854-gdc81c2f471
  2857 | D:3      | Noticed Natasha
  2860 | D:3      | Killed Natasha
  2916 | D:3      | Found a white marble altar of Elyvilon.
  2974 | D:3      | Noticed Natasha
  2988 | D:3      | Killed Natasha
  2989 | D:3      | Reached skill level 5 in Spellcasting
  3043 | D:3      | Noticed Robin
  3050 | D:3      | Killed Robin
  3142 | D:3      | Reached XP level 7. HP: 36/36 MP: 9/16
  3143 | D:3      | Noticed Ijyb
  3182 | D:3      | Killed Ijyb
  3183 | D:3      | Reached skill level 5 in Stealth
  3359 | D:3      | Found a glowing silver altar of Zin.
  3986 | D:5      | Entered Level 5 of the Dungeon
  4027 | D:5      | Reached skill level 1 in Armour
  4125 | D:4      | Reached skill level 1 in Staves
  4303 | D:4      | Noticed Grinder
  4315 | D:4      | Killed Grinder
  4316 | D:4      | Reached skill level 6 in Spellcasting
  4430 | D:4      | Noticed a +0 hand axe
  4430 | D:4      | Noticed a +0 dagger
  4431 | D:4      | Found a hide-covered altar of Uskayaw.
  4471 | D:4      | Found a bloodstained altar of Trog.
  4474 | D:4      | Reached XP level 8. HP: 41/41 MP: 15/19
  4529 | D:4      | Found a blossoming altar of Fedhas.
  4897 | D:6      | Found Piemofaw's Distillery.
  4906 | D:6      | Bought a potion of curing for 39 gold pieces
  4906 | D:6      | Bought a potion of heal wounds for 65 gold pieces
  4955 | D:6      | Reached skill level 1 in Fighting
  5037 | D:6      | Reached skill level 7 in Spellcasting
  5079 | D:6      | Reached skill level 5 in Hexes
  5221 | D:6      | Found a staircase to the Ecumenical Temple.
  5255 | D:6      | Found a sand-covered staircase.
  5269 | Ossuary  | Entered an ossuary
  5771 | D:5      | Reached skill level 8 in Spellcasting
  5896 | D:5      | Found a runed translucent gate.
  5896 | D:5      | Found a runed translucent gate.
  5896 | D:5      | Found a runed translucent gate.
  5896 | D:5      | Noticed Demosthentine's ghost (novice FoFi)
  6379 | Temple   | Entered the Ecumenical Temple
  6415 | Temple   | Became a worshipper of Vehumet
  6700 | D:7      | Reached XP level 9. HP: 37/47 MP: 17/23
  7270 | D:7      | Reached skill level 9 in Spellcasting
  7331 | D:7      | Upgraded the game from 0.26-a0-854-gdc81c2f471 to
                  | 0.26-a0-858-gbf766624f9
  7524 | D:8      | Noticed a two-headed ogre
  7531 | D:8      | Killed a two-headed ogre
  7532 | D:8      | Reached skill level 1 in Shields
  7703 | D:7      | Noticed Prince Ribbit
  7719 | D:7      | Killed Prince Ribbit
  7720 | D:7      | Reached skill level 10 in Spellcasting
  8101 | D:8      | Reached * piety under Vehumet
  8101 | D:8      | Offered knowledge of Freeze by Vehumet.
  8126 | D:8      | Found a sparkling altar of Nemelex Xobeh.
  8475 | D:8      | Reached XP level 10. HP: 54/54 MP: 21/26
  9025 | D:9      | Found a staircase to the Orcish Mines.
  9047 | D:9      | Offered knowledge of Sandblast by Vehumet.
  9053 | D:9      | Reached ** piety under Vehumet
  9054 | D:9      | Reached skill level 11 in Spellcasting
  9453 | D:9      | Found an opulent altar of Gozag.
  9456 | D:9      | Found an ornate altar of the Wu Jian Council.
  9484 | D:9      | Found a shadowy altar of Dithmenos.
  9487 | D:9      | Found a sacrificial altar of Ru.
  9545 | D:9      | Reached skill level 5 in Armour
  9722 | D:10     | Entered Level 10 of the Dungeon
  9818 | D:9      | Reached skill level 1 in Short Blades
 10085 | D:9      | Noticed a death yak
 10086 | D:9      | Noticed a death yak
 10096 | D:9      | Noticed a death yak
 10458 | D:9      | Found a staircase to the Lair.
 10844 | D:10     | Offered knowledge of Inner Flame by Vehumet.
 10856 | D:10     | Learned a level 3 spell: Inner Flame
 11242 | D:12     | Reached skill level 12 in Spellcasting
 11272 | D:13     | Reached skill level 5 in Dodging
 11313 | D:13     | Noticed a molten gargoyle
 11314 | D:13     | Noticed a molten gargoyle
 11320 | D:13     | Killed from afar by a molten gargoyle

Illustrated notes

Levels and vault maps discovered:
D:1:      nagdon_arrival_zigzag_paths, layout_basic, minmay_lizard_pond
D:2:      layout_basic, tso_metal_star, chequers_ecumenical_altar_lobes,
          uniq_jessica, uniq_sigmund
D:3:      layout_loops_ring, zin_treasury, elyvilon_altar_4,
          cheibrodos_ashenzari_chains, lexackson_kobold_supper, uniq_natasha,
          uniq_ijyb, uniq_robin
D:4:      layout_rooms, lightli_temple_of_fire, fedhas_altar_4,
          dancing_weapons_uskayaw, uniq_grinder
D:5:      layout_rooms, ebering_ghost_rock_garden
D:6:      layout_cave_pods, minmay_temple_entry_glassed_door, enter_ossuary_3,
          serial_shops, shop, chequers_serial_rivers_room_b
D:7:      layout_loops_corners, minmay_misc_feat_x, uniq_prince_ribbit1
D:8:      layout_layer_cave, nemelex_xobeh_ov_fountains_minmay,
          minmay_crystal_room
D:9:      layout_basic, grunt_temple_overflow_cloverleaf, dpeg_lair_monsters,
          david_orc_3
D:10:     layout_long_grid
D:11:     layout_loops_cross, minivault_24, glass_columns_b
D:12:     layout_gridville, grunt_tough_drop
D:13:     layout_gridville, erik_vaults_2, enter_bailey_2, minivault_8,
          uniq_kirke
Temple:   cyrus_temple_forest

Skill      XL: |  1  2  3  4  5  6  7  8  9 10 |
---------------+-------------------------------+-----
Conjurations   | 5 6 7 |  7.5
Stealth        | 3 4 5 6 |  6.8
Dodging        | 3 4 5 |  5.1
Spellcasting   | 4 5 6 8 10 12 | 12.2
Hexes          | 1 2 3 6 7 |  7.3
Armour         | 2 3 4 5 |  5.3
Staves         | 1 2 3 |  3.5
Fighting       | 1 2 |  2.7
Shields        | 1 2 |  2.0
Short Blades   | 1 |  1.8

Action                   |  1- 3 |  4- 6 |  7- 9 | 10-12 || total
-------------------------+-------+-------+-------+-------++-------
Melee: Unarmed           |     4 |     3 |       |       ||     7
       Short sword       |     2 |    15 |       |       ||    17
       Quarterstaff      |       |    38 |    22 |       ||    60
       Dagger            |       |       |     2 |    23 ||    25
 Cast: Magic Dart        |    32 |    43 |   116 |    41 ||   232
       Searing Ray       |     7 |    18 |    65 |    33 ||   123
       Fulminant Prism   |       |       |     5 |     9 ||    14
       Dazzling Flash    |       |       |     1 |     5 ||     6
  Use: Scroll            |       |       |    14 |     5 ||    19
 Stab: Sleeping          |       |     3 |     1 |     5 ||     9
       Distracted        |       |       |       |     1 ||     1
Armor: Robe              |     2 |     3 |       |       ||     5
       Leather armour    |       |     4 |     9 |    19 ||    32
       Ring mail         |       |       |    27 |     9 ||    36
Dodge: Dodged            |    15 |    19 |    39 |    46 ||   119
Block: Other             |       |     5 |    15 |    19 ||    39
       Reflection        |       |     4 |     4 |     3 ||    11

Table legend: (Time is in decaauts)
 A = Elapsed time spent in this place.
 B = Non-inter-level travel time spent in this place.
 C = Inter-level travel time spent in this place.
 D = Time resting spent in this place.
 E = Time spent auto-exploring this place.
 F = Levels seen in this place.
 G = Mean time per level.
                   A        B        C        D        E       F      G
               +--------+--------+--------+--------+--------+-----+--------+
         Total |  11369 |  10589 |    780 |    846 |   6609 |  15 |  757.9 |
       Dungeon |  10835 |  10079 |    756 |    846 |   6208 |  13 |  833.5 |
        Temple |     90 |     66 |     24 |      0 |     56 |   1 |   90.0 |
       Ossuary |    444 |    444 |      0 |      0 |    345 |   1 |  444.0 |
               +--------+--------+--------+--------+--------+-----+--------+

Top non-repeatable levels by time:
     D:9: 1522 daAuts
     D:3: 1438 daAuts
     D:7: 1405 daAuts
     D:2: 1167 daAuts
     D:1: 1161 daAuts
     D:8: 1108 daAuts
     D:6: 1004 daAuts
     D:4: 873 daAuts
    D:10: 520 daAuts
     D:5: 517 daAuts
 Ossuary: 444 daAuts
  Temple: 90 daAuts
    D:13: 74 daAuts
    D:12: 27 daAuts
    D:11: 12 daAuts
